 Dungeon Crawl Stone Soup version 0.20.0-15-g7f486f2 (webtiles) character file.

297 esteth the Firebug (level 6, -12/32 HPs)
             Began as a Deep Elf Fire Elementalist on June 17, 2017.
             Mangled by greprep's ghost (14 damage)
             ... on level 4 of the Dungeon.
             The game lasted 00:09:52 (3206 turns).

esteth the Firebug (Deep Elf Fire Elementalist)     Turns: 3206, Time: 00:09:53

Health: -12/32     AC:  3    Str:  5    XL:     6   Next: 12%
Magic:  2/12       EV: 11    Int: 22    God:
Gold:   223        SH:  0    Dex: 15    Spells: 1/11 levels left

rFire    . . .     SeeInvis .   (no weapon)
rCold    . . .     Gourm    .   (no shield)
rNeg     . . .     Faith    .   a - +1 robe
rPois    +         Spirit   .   (no helmet)
rElec    .         Reflect  .   (no cloak)
rCorr    .         Harm     .   (no gloves)
MR       .....                  (no boots)
Stlth    +.........             (no amulet)
Regen    0.1/turn               j - ring of poison resistance
MPRegen  0.2/turn               (no ring)

@: sleeping, very slightly contaminated, glowing, heavily drained
A: no striking features
a: no special abilities


You were on level 4 of the Dungeon.
You were hungry.

You visited 1 branch of the dungeon, and saw 4 of its levels.

You collected 223 gold pieces.

Inventory:

Armour
 a - a +1 robe (worn)
Jewellery
 j - a ring of poison resistance (left hand)
Wands
 p - a wand of confusion (31/48)
Scrolls
 f - a scroll of enchant weapon {unknown}
 g - a scroll of magic mapping {unknown}
 h - a scroll of identify
 k - 4 scrolls of amnesia {unknown}
 l - a scroll of remove curse
 n - a scroll of fear {unknown}
Potions
 d - a potion of curing
 e - a potion of mutation {unknown}
 i - a potion of berserk rage {unknown}
Books
 b - a book of Flames

   Spells                             Type                      Level
   a - Flame Tongue                   Conjuration/Fire             1
   b - Throw Flame                    Conjuration/Fire             2
   c - Conjure Flame                  Conjuration/Fire             3
   d - Inner Flame                    Hexes/Fire                   3
   e - Sticky Flame                   Conjuration/Fire             4
   f - Fireball                       Conjuration/Fire             5
Comestibles
 c - 2 bread rations
 o - 3 meat rations


   Skills:
 - Level 2.4(0.0) Dodging
 - Level 2.4(0.0) Stealth
 - Level 3.0(0.5) Spellcasting
 + Level 5.0(2.4) Conjurations
 + Level 5.6(2.9) Fire Magic


You had one spell level left.
You knew the following spells:

 Your Spells              Type           Power        Failure   Level  Hunger
a - Flame Tongue          Conj/Fire      ##...        5%          1    ##.....
b - Sticky Flame          Conj/Fire      ##......     45%         4    #####..
c - Fireball              Conj/Fire      ##........   82%         5    ######.


Dungeon Overview and Level Annotations

Branches:
Dungeon (4/15)
 Temple: D:4-7

Altars:
The Shining One

Annotations:
D:2 exclusion: downstairs
D:3 Robin
D:4 greprep's ghost, novice SpEn


Message History

Greprep's ghost gestures at you while chanting.
You resist with significant effort.
You feel less confused. Greprep's ghost hits you.
* * * LOW HITPOINT WARNING * * *
You feel drained.
Casting: Sticky Flame
Confirm with . or Enter, or press ? or * to list all spells.
Aiming: Sticky Flame
Press: ? - help, Shift-Dir - straight line, f/p - greprep's ghost
Aim: greprep's ghost, wielding a weapon of draining (moderately damaged)
You miscast Sticky Flame.
You are very lightly contaminated with residual magic.
You feel uncomfortably hot.
You are feeling hungry.
Greprep's ghost wails, "They lied to you.
The Dungeon just goes down and down forever."
Greprep's ghost points at you and mumbles some strange words.
You fall asleep.
Greprep's ghost hits you!
You die...

#...#.# #.##............#. .
##....#####.##..............
..
#......#.##..........######.
... #.#...............####
..##.#..#..........####
.......................
.##.##...........##.##
#........###..### .#
#..####### #@W# # #....#
#..# ...##.#.#######..#
#>................
#######.#######.... #.....#
#.##.# #####.##### #.. ..
#.....# #.. ### #.....# #.


You could see greprep's ghost.

Vanquished Creatures
  2 orc wizards (D:3)
  8 adders
  7 gnolls (D:3)
  3 dart slugs
  4 leopard geckos
  6 orcs (D:3)
  A ball python (D:1)
  4 giant cockroaches
  13 goblins
  7 hobgoblins
  6 jackals
  4 kobolds
  2 quokkas
  13 bats
  4 frilled lizards
  7 rats
91 creatures vanquished.

Notes
Turn   | Place    | Note
-------+----------+-------------------------------------------
     0 | D:1      | esteth the Deep Elf Fire Elementalist began the quest for the Orb.
     0 | D:1      | Reached XP level 1. HP: 10/10 MP: 6/6
   290 | D:1      | Reached XP level 2. HP: 10/15 MP: 0/8
   728 | D:1      | Reached XP level 3. HP: 19/19 MP: 7/9
  1276 | D:2      | Reached XP level 4. HP: 24/24 MP: 5/10
  1574 | D:3      | Noticed Robin
  1835 | D:3      | Reached XP level 5. HP: 22/28 MP: 0/11
  1934 | D:3      | Reached skill level 5 in Fire Magic
  2073 | D:3      | Learned a level 4 spell: Sticky Flame
  2468 | D:3      | Reached skill level 5 in Conjurations
  2470 | D:3      | Reached XP level 6. HP: 23/32 MP: 2/12
  2552 | D:3      | Learned a level 5 spell: Fireball
  2709 | D:3      | Found a glowing golden altar of the Shining One.
  3166 | D:4      | Noticed greprep's ghost (novice SpEn)
  3206 | D:4      | Mangled by greprep's ghost

Skill      XL: |  1  2  3  4  5 |
---------------+----------------+-----
Conjurations   | 2 3 4 5 |  5.0
Fire Magic     | 4 5 |  5.6
Dodging        | |  2.4
Stealth        | |  2.4
Spellcasting   | |  3.0

Action                   |  1- 3 |  4- 6 || total
-------------------------+-------+-------++-------
Melee: Unarmed           |    22 |     3 ||    25
 Cast: Flame Tongue      |    59 |   112 ||   171
       Sticky Flame      |       |     2 ||     2
  Use: Scroll            |     4 |       ||     4
       Potion            |       |     2 ||     2
  Eat: Chunk             |     1 |     6 ||     7
Armor: Robe              |    11 |    11 ||    22
Dodge: Dodged            |    30 |    44 ||    74
